[Event "Titled Tuesday Blitz April 19 Early 2022"]
[White "Indjic, Aleksandar"]
[Black "Mikhailovsky, Vladimir"]
[WhiteFideId "911925"]
[BlackFideId "34105414"]
[WhiteElo "2616"]
[BlackElo "2349"]
[Result "1-0"]
[Round "09"]
[TimeControl "180+1"]
[Date "2022.04.19"]
[WhiteClock "0:00:14"]
[BlackClock "0:00:01"]

1. d4 d5 2. c4 dxc4 3. Nf3 Nf6 4. e3 Bg4 5. Bxc4 e6 6. Nbd2 Nc6 7. Bb5 a6 8. Bxc6+ bxc6 9. Qa4 Bxf3 10. Nxf3 Qd6 11. O-O Nd7 12. e4 Nb6 13. Qc2 Be7 14. Be3 O-O 15. Rfc1 Qb4 16. b3 a5 17. Qxc6 a4 18. Qc2 axb3 19. axb3 Rxa1 20. Rxa1 Bd6 21. h3 h6 22. Ne5 Bxe5 23. dxe5 Rc8 24. Ra7 Nd7 25. Rxc7 Rxc7 26. Qxc7 Qb5 27. Bd4 Nf8 28. Qc4 Qb7 29. Bc5 Ng6 30. Bd6 Nf4 31. h4 Qa7 32. g3 Qa1+ 33. Kh2 Qe1 34. gxf4 Qxf2+ 35. Kh1 Qf3+ 36. Kg1 Qd1+ 37. Kf2 Qd2+ 38. Kf3 Qd1+ 39. Ke3 Qg1+ 40. Kd3 Qf1+ 41. Kc2 Qf2+ 42. Kb1 Qe1+ 43. Kb2 Qd2+ 44. Ka3 Qa5+ 45. Qa4 Qe1 46. Qe8+ Kh7 47. b4 Qa1+ 48. Kb3 Qd1+ 49. Kc4 Qe2+ 50. Kc5 Qe3+ 51. Kb5 Qd3+ 52. Kb6 Qd4+ 53. Bc5 Qxe4 54. Qxf7 Qd5 55. Kc7 Qa8 56. Qxe6 h5 57. Qf5+ g6 58. Qd7+ Kh6 59. e6 1-0


[Site "https://www.chess.com"]

[Event "Titled Tuesday Blitz April 19 Early 2022"]
[White "Ingebretsen, Jens E"]
[Black "Bas Mas, Jose Joaquin"]
[WhiteFideId "1522965"]
[BlackFideId "22219064"]
[WhiteElo "2072"]
[BlackElo "2212"]
[Result "1-0"]
[Round "09"]
[TimeControl "180+1"]
[Date "2022.04.19"]
[WhiteClock "0:00:21"]
[BlackClock "0:00:16"]

1. Nf3 e6 2. g3 f5 3. Bg2 Nf6 4. O-O Be7 5. d3 O-O 6. Nbd2 d6 7. e4 e5 8. c3 Nc6 9. b4 a6 10. Qb3+ Kh8 11. Ng5 Qe8 12. Ne6 Bxe6 13. Qxe6 Nd8 14. Qb3 f4 15. d4 Nd7 16. Bb2 Bg5 17. Nf3 Bh6 18. dxe5 dxe5 19. Rad1 Nc6 20. c4 fxg3 21. fxg3 a5 22. a3 axb4 23. axb4 Qe7 24. c5 Rfe8 25. Kh1 g6 26. Bh3 Nf6 27. b5 Na5 28. Qb4 Bg7 29. Bxe5 b6 30. Qc3 Qxc5 31. Qxc5 bxc5 32. Ng5 Nxe4 33. Bxg7+ Kxg7 34. Rd7+ Kh6 35. Nf7+ Kg7 36. Nd6+ Kg8 37. Nxe8 Rxe8 38. Rff7 Ng5 39. Rg7+ Kh8 40. Bg4 Nc4 41. h4 Ne5 42. hxg5 Nxd7 43. Rxd7 Rc8 44. Bf3 c4 45. Kg2 c3 46. Rd3 c5 47. bxc6 Rc7 48. Rxc3 Kg7 49. Rd3 h6 50. Rd7+ 1-0


[Site "https://www.chess.com"]

[Event "Titled Tuesday Blitz April 19 Early 2022"]
[White "Iskusnyh, Sergei"]
[Black "Ocelak, Jakub"]
[WhiteFideId "4120027"]
[BlackFideId "23707933"]
[WhiteElo "2492"]
[BlackElo "2048"]
[Result "1-0"]
[Round "09"]
[TimeControl "180+1"]
[Date "2022.04.19"]
[WhiteClock "0:02:20"]
[BlackClock "0:02:33"]

1. d4 Nf6 2. c4 g6 3. g3 Bg7 4. Bg2 O-O 5. Nc3 d6 6. Nf3 Nc6 7. O-O e5 8. dxe5 Nxe5 9. b3 Nxf3+ 10. Bxf3 Bh3 11. Re1 c6 12. Be3 Qa5 13. Bd4 Qh5 14. Bxh5 1-0


[Site "https://www.chess.com"]

[Event "Titled Tuesday Blitz April 19 Early 2022"]
[White "Jaferian, Koosha"]
[Black "Derraugh, Geordie"]
[WhiteFideId "12507440"]
[BlackFideId "2603950"]
[WhiteElo "2030"]
[BlackElo "2116"]
[Result "0-1"]
[Round "09"]
[TimeControl "180+1"]
[Date "2022.04.19"]
[WhiteClock "0:00:05"]
[BlackClock "0:00:05"]

1. Nf3 c5 2. b3 Nf6 3. Bb2 e6 4. c4 Nc6 5. e3 Be7 6. d4 cxd4 7. Nxd4 O-O 8. Be2 d5 9. O-O Qb6 10. Nd2 Rd8 11. cxd5 exd5 12. N2f3 Bg4 13. h3 Bd7 14. Rc1 Rac8 15. Bd3 Ne4 16. Qe2 Qa5 17. a3 a6 18. b4 Qb6 19. Rfd1 h6 20. Nxc6 Bxc6 21. Bd4 Qc7 22. Qb2 Bf8 23. Rc2 Qe7 24. Rdc1 Ng5 25. Be2 Qe4 26. Nxg5 hxg5 27. Bf3 Qg6 28. a4 Qd6 29. b5 axb5 30. axb5 Bd7 31. Rxc8 Rxc8 32. Rxc8 Bxc8 33. Qb3 Be6 34. Qc3 Qb4 35. Qd3 Be7 36. Kh2 Bd6+ 37. g3 Qe1 38. Qe2 Qxe2 39. Bxe2 Kf8 40. Bf3 f6 41. Kg2 Ke7 42. g4 Bb4 43. Kf1 Kd6 44. Ke2 Kc7 45. Kd3 Be1 46. Ke2 Bb4 47. Kd3 Kd6 48. Bd1 Bd7 49. Ba4 Be1 50. f4 gxf4 51. exf4 Bg3 52. f5 Be5 53. Ke3 Bh2 54. Kd3 Bg3 55. Ke3 Be1 56. Kd3 Bb4 57. Ke3 Be1 58. Kd3 Bb4 59. h4 Be1 60. h5 Bh4 61. Ke3 Bg5+ 62. Kd3 Bh6 63. Kc3 Bc1 64. Kb4 Bd2+ 65. Bc3 Bg5 66. Be1 Ke5 67. Bg3+ Ke4 68. b6 Bxa4 69. Kxa4 Kf3 70. Bd6 Kxg4 71. Kb4 Kxf5 72. Kc5 Ke6 73. Bg3 Be3+ 74. Kb5 d4 75. Kc4 Kf5 76. Bc7 Kg5 77. Kd5 d3 78. Ke4 d2 79. Kxe3 d1=Q 80. Bf4+ Kxh5 0-1


[Site "https://www.chess.com"]

[Event "Titled Tuesday Blitz April 19 Early 2022"]
[White "Jakubowski, Krzysztof"]
[Black "Shirov, Alexei"]
[WhiteFideId "1112848"]
[BlackFideId "2209390"]
[WhiteElo "2365"]
[BlackElo "2678"]
[Result "0-1"]
[Round "09"]
[TimeControl "180+1"]
[Date "2022.04.19"]
[WhiteClock "0:00:02"]
[BlackClock "0:00:40"]

1. e4 e5 2. Nf3 Nc6 3. Bc4 Nf6 4. Ng5 d5 5. exd5 Na5 6. Bb5+ c6 7. dxc6 bxc6 8. Bd3 Nd5 9. h4 Nf4 10. Bf1 h6 11. Nf3 Bg4 12. d4 Ne6 13. dxe5 Qxd1+ 14. Kxd1 O-O-O+ 15. Bd2 Bc5 16. Nc3 Nd4 17. Kc1 Nxf3 18. gxf3 Bxf3 19. Rg1 g6 20. Na4 Bxf2 21. Bh3+ Kb7 22. Rf1 Rxd2 23. Kxd2 Rd8+ 24. Kc3 Be3 25. b4 Bd2+ 26. Kb2 Nc4+ 27. Kb3 Bd5 28. Nc5+ Kb6 29. Rad1 Ne3+ 30. Ka4 Bc4 0-1


[Site "https://www.chess.com"]

[Event "Titled Tuesday Blitz April 19 Early 2022"]
[White "Kaasen, Tor Fredrik"]
[Black "Postnikov, Daniil"]
[WhiteFideId "1516647"]
[BlackFideId "4166329"]
[WhiteElo "2335"]
[BlackElo "2261"]
[Result "1/2-1/2"]
[Round "09"]
[TimeControl "180+1"]
[Date "2022.04.19"]
[WhiteClock "0:00:25"]
[BlackClock "0:01:29"]

1. e4 e6 2. d4 d5 3. Nc3 Bb4 4. e5 c5 5. a3 Bxc3+ 6. bxc3 Ne7 7. h4 Qc7 8. h5 cxd4 9. cxd4 Qc3+ 10. Bd2 Qxd4 11. Nf3 Qe4+ 12. Be2 Nf5 13. Rb1 Nc6 14. Kf1 h6 15. Bd3 Qg4 16. Bb5 Bd7 17. Rb3 Rc8 18. Qb1 b6 19. Be2 Qe4 20. Bd3 Qa4 21. Bb5 Qg4 22. Ba6 O-O 23. Bxc8 Bxc8 24. Kg1 Ba6 25. Rh3 Rc8 26. Qb2 1/2-1/2


[Site "https://www.chess.com"]

[Event "Titled Tuesday Blitz April 19 Early 2022"]
[White "Kahlert, Thomas"]
[Black "De Souza, Cristiano Gomes"]
[WhiteFideId "4625242"]
[BlackFideId "2151758"]
[WhiteElo "2228"]
[BlackElo "2068"]
[Result "0-1"]
[Round "09"]
[TimeControl "180+1"]
[Date "2022.04.19"]
[WhiteClock "0:01:17"]
[BlackClock "0:01:01"]

1. d4 Nf6 2. Nf3 g6 3. g3 Bg7 4. Bg2 O-O 5. O-O d6 6. c4 Nc6 7. Nc3 Bf5 8. h3 Ne4 9. Nxe4 Bxe4 10. Be3 e5 11. d5 Na5 12. Rc1 c5 13. a3 Rc8 14. Nd2 Bxg2 15. Kxg2 f5 16. b4 f4 17. bxa5 fxe3 18. fxe3 Qg5 19. Nf3 Qxe3 20. Qd3 Qh6 21. e4 Rf7 22. Qd2 Rcf8 23. Qxh6 Bxh6 24. Rb1 Be3 25. Rb3 Bd4 26. Nd2 Rf2+ 27. Rxf2 Rxf2+ 28. Kh1 Rxd2 29. Rxb7 Rc2 30. Rxa7 Rxc4 31. a6 Ra4 32. Ra8+ Kg7 33. a7 Rxa3 34. g4 Rxh3+ 35. Kg2 Ra3 36. g5 c4 0-1


[Site "https://www.chess.com"]

[Event "Titled Tuesday Blitz April 19 Early 2022"]
[White "Karavade, Eesha"]
[Black "Kosteniuk, Alexandra"]
[WhiteFideId "5012600"]
[BlackFideId "4128125"]
[WhiteElo "2258"]
[BlackElo "2469"]
[Result "1-0"]
[Round "09"]
[TimeControl "180+1"]
[Date "2022.04.19"]
[WhiteClock "0:00:48"]
[BlackClock "0:00:09"]

1. d4 Nf6 2. c4 e6 3. Nf3 c5 4. d5 b5 5. dxe6 fxe6 6. cxb5 a6 7. bxa6 d5 8. g3 Bxa6 9. Bg2 Bd6 10. O-O O-O 11. b3 Nbd7 12. Bb2 Qe8 13. Nbd2 Qh5 14. Re1 Ng4 15. h3 Nge5 16. Nxe5 Bxe5 17. Bxe5 Nxe5 18. Nf3 Nxf3+ 19. exf3 Rf6 20. f4 Qxd1 21. Raxd1 Bb7 22. Rd2 Rc8 23. Rc1 Rf7 24. Rdc2 Rfc7 25. Re1 Kf7 26. Rce2 Re8 27. f5 Rce7 28. fxe6+ Rxe6 29. Rxe6 Rxe6 30. Rxe6 Kxe6 31. f4 Ba6 32. Kf2 d4 33. Be4 g6 34. g4 Kf6 35. h4 Bc8 36. Kf3 Be6 37. g5+ Ke7 38. Bd3 Bd5+ 39. Kg4 Bf7 40. f5 gxf5+ 41. Bxf5 Bg8 42. Kf4 Kd6 43. h5 Ke7 44. h6 Kf7 45. Ke5 Ke7 46. g6 hxg6 47. Bxg6 1-0


[Site "https://www.chess.com"]

[Event "Titled Tuesday Blitz April 19 Early 2022"]
[White "Karolczuk, Iwo"]
[Black "Shandrygin, Nikita"]
[WhiteFideId "21816972"]
[BlackFideId "24198668"]
[WhiteElo "2277"]
[BlackElo "2323"]
[Result "0-1"]
[Round "09"]
[TimeControl "180+1"]
[Date "2022.04.19"]
[WhiteClock "0:00:03"]
[BlackClock "0:00:18"]

1. e4 c5 2. Nf3 e6 3. b3 b6 4. Bd3 Nc6 5. O-O Bb7 6. Re1 Nb4 7. Bf1 Nf6 8. Nc3 d5 9. exd5 Nfxd5 10. Nxd5 Qxd5 11. Re5 Qd7 12. Bb2 Be7 13. Rh5 f6 14. d4 O-O-O 15. a3 Nd5 16. Qd2 g5 17. Re1 Nf4 18. Rh6 Bxf3 19. gxf3 cxd4 20. Bc4 e5 21. Re4 Kb8 22. a4 Qf5 23. a5 Bf8 24. axb6 axb6 25. Bxd4 Bc5 26. c3 exd4 27. cxd4 Bf8 28. d5 Bxh6 29. Qb4 Nxd5 30. Bxd5 Qxd5 31. Qxb6+ Qb7 32. Qxf6 Bg7 33. Qxg5 Rhg8 34. Qf4+ Be5+ 0-1


[Site "https://www.chess.com"]

[Event "Titled Tuesday Blitz April 19 Early 2022"]
[White "Khabinets, Ivan"]
[Black "Buscar, Michael"]
[WhiteFideId "14115980"]
[BlackFideId "2603616"]
[WhiteElo "2114"]
[BlackElo "2010"]
[Result "0-1"]
[Round "09"]
[TimeControl "180+1"]
[Date "2022.04.19"]
[WhiteClock "0:00:12"]
[BlackClock "0:00:14"]

1. c4 e6 2. Nc3 d5 3. Nf3 Nf6 4. d4 Be7 5. g3 a6 6. c5 O-O 7. Bf4 b6 8. b4 Ne4 9. Nxe4 dxe4 10. Ne5 Bb7 11. Bg2 Bd5 12. Qc2 f5 13. h4 a5 14. b5 bxc5 15. dxc5 Nd7 16. Nxd7 Qxd7 17. Rb1 Bf6 18. c6 Qe7 19. Be3 Qa3 20. O-O Qxa2 21. Qc5 a4 22. Bd4 Bxd4 23. Qxd4 Qxe2 24. Rfc1 a3 25. Bf1 Qf3 26. Bg2 Qg4 27. b6 cxb6 28. Qxb6 a2 29. Ra1 Qe2 30. Bf1 Qf3 31. Bg2 Qb3 32. Qc5 Rfc8 33. c7 Qb2 34. Qd6 Qb7 35. h5 h6 36. Bf1 Ra7 37. Qd8+ Kh7 38. Qe8 Rxe8 39. Bb5 Qxb5 40. c8=Q Rxc8 41. Rxc8 Qb2 42. Rcc1 Qxc1+ 43. Rxc1 a1=Q 44. Rxa1 Rxa1+ 45. Kg2 e3+ 46. Kh3 exf2 47. g4 f1=Q+ 48. Kg3 Qf3+ 49. Kh4 Rh1# 0-1


[Site "https://www.chess.com"]

[Event "Titled Tuesday Blitz April 19 Early 2022"]
[White "Kim, Sergey"]
[Black "Rom, Jasper"]
[WhiteFideId "13700570"]
[BlackFideId "2023733"]
[WhiteElo "2551"]
[BlackElo "2233"]
[Result "1-0"]
[Round "09"]
[TimeControl "180+1"]
[Date "2022.04.19"]
[WhiteClock "0:01:41"]
[BlackClock "0:00:03"]

1. d4 d5 2. c4 e6 3. Nc3 c6 4. e3 Nf6 5. Nf3 Nbd7 6. a3 Bd6 7. Bd3 dxc4 8. Bxc4 O-O 9. O-O e5 10. e4 Qe7 11. Bg5 exd4 12. Qxd4 Ne5 13. Be2 h6 14. Bh4 Bg4 15. Bg3 Nxf3+ 16. Bxf3 Bxg3 17. hxg3 Rfd8 18. Qe3 Be6 19. e5 Nd5 20. Bxd5 Bxd5 21. Rfe1 Be6 22. Rad1 Bb3 23. Rxd8+ Rxd8 24. Qxa7 Rd2 25. Qe3 Rxb2 26. Qd4 Ra2 27. Nxa2 Bxa2 28. Qb2 Bd5 29. Qb4 Qd7 30. Qd6 Qf5 31. Qc5 b5 32. Qe3 Qe6 33. Qd4 Qf5 34. a4 bxa4 35. Qxa4 Qd3 36. Qf4 Qc3 37. Qe3 Qc2 38. Rc1 Qf5 39. f3 Qg6 40. g4 Qe6 41. Qd4 Qg6 42. Qf4 Kh7 43. Qf5 1-0


[Site "https://www.chess.com"]

[Event "Titled Tuesday Blitz April 19 Early 2022"]
[White "Kostiukov, Alexandr"]
[Black "Yang, Kaiqi"]
[WhiteFideId "14108100"]
[BlackFideId "8604398"]
[WhiteElo "2202"]
[BlackElo "2373"]
[Result "0-1"]
[Round "09"]
[TimeControl "180+1"]
[Date "2022.04.19"]
[WhiteClock "0:00:06"]
[BlackClock "0:00:20"]

1. g3 g6 2. Bg2 Bg7 3. c4 d6 4. Nf3 f5 5. O-O Nf6 6. d4 O-O 7. Nc3 c6 8. b3 a5 9. Bb2 Na6 10. Qc2 Qe8 11. Rfe1 e5 12. dxe5 dxe5 13. e4 f4 14. gxf4 Nh5 15. f5 Nb4 16. Qd2 Nf4 17. Na4 Nbd3 18. Re3 gxf5 19. exf5 Bxf5 20. Bxe5 Qg6 21. Bxf4 Nxf4 22. Nh4 Qf6 23. Nxf5 Qxa1+ 24. Re1 Qf6 25. Ng3 Rad8 26. Qe3 Bh6 27. Qb6 Nxg2 28. Kxg2 Qf3+ 29. Kg1 Rd2 30. Rf1 Rxf2 31. Rxf2 Be3 0-1


[Site "https://www.chess.com"]

[Event "Titled Tuesday Blitz April 19 Early 2022"]
[White "Kotepalli, Sai Nirupama"]
[Black "parintele_chess"]
[WhiteFideId "5039444"]
[WhiteElo "2389"]
[BlackElo "2230"]
[Result "1-0"]
[Round "09"]
[TimeControl "180+1"]
[Date "2022.04.19"]
[WhiteClock "0:00:10"]
[BlackClock "0:00:08"]

1. e4 c6 2. d3 d5 3. Nd2 dxe4 4. dxe4 e5 5. Ngf3 Nd7 6. Bd3 Ngf6 7. O-O g6 8. c3 Bg7 9. a4 a5 10. Nc4 O-O 11. Nfxe5 Nxe5 12. Nxe5 Nxe4 13. Nxc6 Nxc3 14. Nxd8 Nxd1 15. Rxd1 Rxd8 16. Bg5 Rd4 17. Be4 Be6 18. Bxb7 Rb8 19. Ba6 Rxb2 20. h3 h6 21. Be3 Rxd1+ 22. Rxd1 Bb3 23. Rd8+ Kh7 24. Bb5 Be5 25. f4 Bf6 26. Ra8 Rb1+ 27. Kh2 Bc3 28. Bb6 Rb2 29. Bxa5 Bd5 30. Rd8 Rxg2+ 31. Kh1 Bf3 32. Rd3 Bxa5 33. Rxf3 Rb2 34. Rd3 Rf2 35. Rd4 Rf3 36. Kg2 Rc3 37. Rd7 Kg7 38. Ra7 Rc2+ 39. Kf3 Bb6 40. Rb7 Bd4 41. Be8 h5 42. Rxf7+ Kh6 43. Rd7 Rf2+ 44. Kg3 Bb6 45. Rd6 h4+ 46. Kxh4 Rxf4+ 47. Kg3 Rb4 48. Rxg6+ Kh5 49. Rxb6+ Kg5 50. Rxb4 Kf6 51. Rb5 Ke7 52. Bd7 Kxd7 53. a5 Kc6 54. Rb6+ Kc7 55. h4 Kc8 56. h5 Kc7 57. h6 Kc8 58. h7 Kc7 59. h8=Q Kd7 60. Qh7+ Ke8 61. Rb8# 1-0


[Site "https://www.chess.com"]

[Event "Titled Tuesday Blitz April 19 Early 2022"]
[White "Krishna, C R G"]
[Black "Demchenko, Anton"]
[WhiteFideId "5018625"]
[BlackFideId "4160258"]
[WhiteElo "2332"]
[BlackElo "2539"]
[Result "1-0"]
[Round "09"]
[TimeControl "180+1"]
[Date "2022.04.19"]
[WhiteClock "0:00:22"]
[BlackClock "0:00:04"]

1. d4 Nf6 2. c4 d6 3. g3 g6 4. Bg2 Bg7 5. Nf3 O-O 6. O-O Nbd7 7. Nc3 e5 8. e4 exd4 9. Nxd4 Nc5 10. h3 Re8 11. Re1 a5 12. Bf4 Nfd7 13. b3 Ne5 14. Bf1 a4 15. b4 Ne6 16. Be3 Nxd4 17. Bxd4 c5 18. bxc5 dxc5 19. Bxc5 Qxd1 20. Rexd1 Nf3+ 21. Kg2 Bxc3 22. Kxf3 Bxa1 23. Rxa1 Be6 24. Be3 a3 25. Rb1 Rec8 26. Rb4 Rc6 27. Bd4 h5 28. h4 Rac8 29. c5 Rd8 30. Bb5 Rcc8 31. Ke3 Bxa2 32. Bf6 Rd1 33. Ra4 Bb1 34. Rxa3 Re1+ 35. Be2 Bxe4 36. Bc3 Rxe2+ 37. Kxe2 Kf8 38. Ke3 Bc6 39. Kf4 Ke7 40. Be5 Ke6 41. Rd3 Bd5 42. Bd6 Bc6 43. Re3+ Kd5 44. Re7 b6 45. Re5+ Kc4 46. cxb6 Bb7 47. Re7 Bd5 48. b7 Bxb7 49. Rxb7 Rd8 50. Be5 Rd2 51. Ke3 Rd3+ 52. Ke2 Rd5 53. Bf4 Rf5 54. Rd7 f6 55. Rd6 Kc5 56. Ra6 g5 57. Ra5+ 1-0


[Site "https://www.chess.com"]

[Event "Titled Tuesday Blitz April 19 Early 2022"]
[White "Krylov, Ivan"]
[Black "Harish, Neeraj"]
[WhiteFideId "24128066"]
[BlackFideId "30958130"]
[WhiteElo "2258"]
[BlackElo "1574"]
[Result "1-0"]
[Round "09"]
[TimeControl "180+1"]
[Date "2022.04.19"]
[WhiteClock "0:01:08"]
[BlackClock "0:00:11"]

1. e4 c5 2. Nf3 Nc6 3. Bb5 g6 4. O-O Bg7 5. Nc3 e5 6. Bxc6 bxc6 7. d3 d6 8. h3 Ne7 9. Nh2 O-O 10. f4 exf4 11. Bxf4 d5 12. Qe2 c4 13. Nf3 cxd3 14. cxd3 d4 15. Na4 Qa5 16. Qc2 Bd7 17. Nc5 Rfd8 18. Nb7 Qb6 19. Nxd8 Rxd8 20. Bd6 Nc8 21. Bc5 Qb5 22. a4 Qb7 23. Bxd4 Bxd4+ 24. Nxd4 Qb6 25. Qf2 Nd6 26. Nf3 1-0


[Site "https://www.chess.com"]

[Event "Titled Tuesday Blitz April 19 Early 2022"]
[White "Lach, Aleksandra"]
[Black "Hoffmann, Asa"]
[WhiteFideId "1134299"]
[BlackFideId "2001470"]
[WhiteElo "2172"]
[BlackElo "2117"]
[Result "1-0"]
[Round "09"]
[TimeControl "180+1"]
[Date "2022.04.19"]
[WhiteClock "0:00:12"]
[BlackClock "0:00:04"]

1. e4 d6 2. d4 Nf6 3. Nc3 c6 4. Nf3 Bg4 5. h3 Bh5 6. g4 Bg6 7. Bd3 e6 8. Be3 d5 9. e5 Nfd7 10. Qd2 c5 11. dxc5 Bxc5 12. Bxg6 hxg6 13. O-O-O Nc6 14. Bxc5 Nxc5 15. Nd4 Qa5 16. Kb1 Rc8 17. f4 O-O 18. h4 Qb4 19. Nb3 Nd7 20. h5 gxh5 21. Rxh5 d4 22. Qh2 f6 23. Ne4 d3 24. cxd3 Ndxe5 25. fxe5 Nxe5 26. d4 Nf3 27. Qf2 Ng5 28. Nxg5 fxg5 29. Qh2 Rcd8 30. Rxg5 Qc4 31. Qe5 Rf7 32. Qe4 Qd5 33. Qxd5 exd5 34. Re5 Rf4 35. Rde1 Rxg4 36. Re8+ Rxe8 37. Rxe8+ Kh7 38. Re5 Rg1+ 39. Kc2 g5 40. Rxd5 g4 41. Nd2 g3 42. Rg5 g2 43. d5 Kh6 44. Rg3 Kh5 45. d6 Kh4 46. Rg8 Kh3 47. d7 Rf1 48. d8=Q g1=Q 49. Rxg1 Rxg1 50. Qd7+ Kh2 51. Qxb7 Rg2 52. Qh7+ Kg1 53. Qe4 Kh2 54. Qe7 a5 55. Qa7 Rg5 56. Qe3 Rg4 57. Qe2+ Kg3 58. Qxg4+ Kxg4 59. Nc4 a4 60. Nb6 a3 61. b3 Kf5 62. Nc4 Ke4 63. Nxa3 Kd4 64. Nb1 Kc5 65. Kc3 Kb5 66. a4+ 1-0


[Site "https://www.chess.com"]

[Event "Titled Tuesday Blitz April 19 Early 2022"]
[White "Lagunov, Evgenij"]
[Black "Golubeva, Oksana"]
[WhiteFideId "4125363"]
[BlackFideId "4170164"]
[WhiteElo "2200"]
[BlackElo "2162"]
[Result "0-1"]
[Round "09"]
[TimeControl "180+1"]
[Date "2022.04.19"]
[WhiteClock "0:00:27"]
[BlackClock "0:00:42"]

1. e4 e6 2. d4 d5 3. e5 c5 4. c3 Nc6 5. Nf3 Qb6 6. a3 c4 7. Be2 Bd7 8. O-O Nge7 9. Qe1 Na5 10. Nbd2 h6 11. Bd1 g5 12. Bc2 Nb3 13. Rb1 O-O-O 14. Nxb3 cxb3 15. Bd3 Bb5 16. Qe2 Bxd3 17. Qxd3 Kb8 18. Be3 Rc8 19. Nd2 Nc6 20. c4 dxc4 21. Nxc4 Qb5 22. Rfd1 Be7 23. Rbc1 Rhd8 24. Qe4 Rd5 25. Nd2 Rcd8 26. Rc3 Nxd4 27. Bxd4 Rxd4 28. Qe3 Qd5 29. Rxb3 Rxd2 30. Re1 Rd1 31. g3 Rxe1+ 32. Qxe1 Qxb3 0-1


[Site "https://www.chess.com"]

[Event "Titled Tuesday Blitz April 19 Early 2022"]
[White "Lauridsen, Jesper Morch"]
[Black "Prohorov, Olexandr"]
[WhiteFideId "1401890"]
[BlackFideId "14105578"]
[WhiteElo "2260"]
[BlackElo "1993"]
[Result "0-1"]
[Round "09"]
[TimeControl "180+1"]
[Date "2022.04.19"]
[WhiteClock "0:00:25"]
[BlackClock "0:00:51"]

1. e4 c6 2. d4 d5 3. exd5 cxd5 4. c4 Nf6 5. Nc3 e6 6. Nf3 Bb4 7. cxd5 Nxd5 8. Bd2 Nc6 9. Bd3 O-O 10. O-O Be7 11. Re1 Bf6 12. Ne4 Nxd4 13. Nxd4 Bxd4 14. Ng5 g6 15. Rc1 Bxb2 16. Qf3 Bxc1 17. Qh3 h5 18. Rxc1 Bd7 19. Ne4 e5 20. Qg3 Rc8 21. Bc4 Nf4 22. Bxf4 Bf5 23. Bg5 Rxc4 0-1


[Site "https://www.chess.com"]

[Event "Titled Tuesday Blitz April 19 Early 2022"]
[White "Lehtosaari, Mauri"]
[Black "Khamdamova, Afruza"]
[WhiteFideId "501999"]
[BlackFideId "14210444"]
[WhiteElo "2533"]
[BlackElo "1660"]
[Result "0-1"]
[Round "09"]
[TimeControl "180+1"]
[Date "2022.04.19"]
[WhiteClock "0:00:02"]
[BlackClock "0:00:44"]

1. d4 Nf6 2. Nf3 d5 3. Bg5 Ne4 4. Bf4 c5 5. e3 Nc6 6. c3 Qb6 7. Qb3 c4 8. Qxb6 axb6 9. Nfd2 Bf5 10. Nxe4 Bxe4 11. Nd2 Bg6 12. e4 e6 13. Be2 b5 14. Bf3 Rd8 15. exd5 exd5 16. a3 Bd6 17. Bxd6 Rxd6 18. O-O O-O 19. Rfe1 Ra8 20. Nf1 f6 21. Rad1 Bf7 22. Re3 Kf8 23. Rde1 Re8 24. Rxe8+ Bxe8 25. Ne3 Bf7 26. Nf5 Rd7 27. h3 h5 28. Ng3 g6 29. Re2 Na5 30. Re1 Nb3 31. Bd1 Nc1 32. Bc2 Nd3 33. Bxd3 cxd3 34. Rd1 h4 35. Nf1 Re7 36. Ne3 f5 37. Kf1 f4 38. Ng4 Re2 39. Rxd3 Rxb2 40. Ne5 g5 41. Ke1 Bh5 42. f3 Rxg2 43. Nd7+ Ke7 44. Nc5 b6 45. Na6 Rg3 46. Nb4 Kd6 47. Kf2 Rxh3 48. Rd1 Rh2+ 49. Kg1 Rb2 50. Re1 Bxf3 51. Re8 g4 52. Rf8 g3 0-1


[Site "https://www.chess.com"]

[Event "Titled Tuesday Blitz April 19 Early 2022"]
[White "Lopez, Henry"]
[Black "Bashirli, Saadat"]
[WhiteFideId "5203830"]
[BlackFideId "13429990"]
[WhiteElo "2177"]
[BlackElo "1173"]
[Result "1-0"]
[Round "09"]
[TimeControl "180+1"]
[Date "2022.04.19"]
[WhiteClock "0:01:06"]
[BlackClock "0:00:09"]

1. d4 d5 2. Nf3 Nf6 3. c4 c6 4. Nc3 Bf5 5. e3 e6 6. Nh4 Bg6 7. Qb3 Qb6 8. c5 Qc7 9. Bd2 Be7 10. Rc1 Nbd7 11. Be2 e5 12. Nxg6 hxg6 13. f4 exf4 14. exf4 Nh5 15. O-O Bf6 16. Be3 O-O-O 17. Nxd5 cxd5 18. c6 Kb8 19. cxd7 Qxd7 20. g4 Nxf4 21. Bxf4+ Ka8 22. Rc7 Bxd4+ 23. Kh1 Qc6 24. Rxc6 bxc6 25. Ba6 Rd7 26. Rd1 Bb6 27. Qc3 c5 28. Bb5 d4 29. Qf3+ Rb7 30. Ba6 1-0


[Site "https://www.chess.com"]

[Event "Titled Tuesday Blitz April 19 Early 2022"]
[White "Makarian, Rudik"]
[Black "Piesik, Piotr"]
[WhiteFideId "44105681"]
[BlackFideId "1136194"]
[WhiteElo "2388"]
[BlackElo "2190"]
[Result "1-0"]
[Round "09"]
[TimeControl "180+1"]
[Date "2022.04.19"]
[WhiteClock "0:01:03"]
[BlackClock "0:01:45"]

1. c4 g6 2. d4 Bg7 3. Nc3 d6 4. e4 Nd7 5. Be2 e5 6. d5 Ngf6 7. h4 Nc5 8. Qc2 h5 9. Nf3 Bg4 10. Be3 Qe7 11. Ng5 Bxe2 12. Qxe2 Ng4 13. Bxc5 dxc5 14. f3 Nf6 15. O-O-O Bh6 16. Kb1 Bxg5 17. hxg5 Nd7 18. Nb5 O-O 19. Nxc7 Rac8 20. Qe3 a6 21. d6 Qd8 22. g4 hxg4 23. f4 exf4 24. Qxf4 Kg7 25. Rh6 Rh8 26. Rdh1 Rxh6 27. gxh6+ Kg8 28. h7+ Kh8 29. Qxf7 Ne5 30. Qe6 Nf3 31. d7 Rb8 32. Ne8 1-0


[Site "https://www.chess.com"]

[Event "Titled Tuesday Blitz April 19 Early 2022"]
[White "Maksimenko, Viktor"]
[Black "Rustemov, Alexander"]
[WhiteFideId "13710478"]
[BlackFideId "4119002"]
[WhiteElo "2269"]
[BlackElo "2773"]
[Result "1-0"]
[Round "09"]
[TimeControl "180+1"]
[Date "2022.04.19"]
[WhiteClock "0:00:40"]
[BlackClock "0:00:11"]

1. d4 Nf6 2. c4 e6 3. g3 d5 4. Bg2 Bb4+ 5. Bd2 Be7 6. Nf3 O-O 7. Qc2 c6 8. h4 Nbd7 9. h5 Ne4 10. h6 g6 11. Nc3 f5 12. Be3 a6 13. O-O-O Ndf6 14. Ne5 Bd7 15. g4 f4 16. Bxf4 Nxf2 17. Nxg6 N6xg4 18. e3 Nxh1 19. Rxh1 Bg5 20. Nxf8 Bxf4 21. Qxh7+ Kxf8 22. Qg7+ Ke8 23. exf4 Qf6 24. Qxg4 Kf7 25. cxd5 cxd5 26. Nxd5 Rc8+ 27. Nc3 Qxd4 28. Qg7+ Qxg7 29. hxg7 Kxg7 30. Bxb7 Rc4 31. Rf1 a5 32. Kd2 a4 33. Be4 Kf6 34. Bc2 Rb4 35. Kc1 Ke7 36. a3 Rc4 37. Kd2 Kf6 38. Bd3 Rd4 39. Ke3 e5 40. fxe5+ Kxe5 41. Rh1 Rg4 42. Rh5+ Kd6 43. Ne4+ Kc7 44. Rc5+ Kb6 45. Rc4 Bc6 46. Rb4+ Kc7 47. Nc3 Rg2 48. Be4 Rg3+ 49. Kf4 1-0


[Site "https://www.chess.com"]

[Event "Titled Tuesday Blitz April 19 Early 2022"]
[White "Manukian, Artak"]
[Black "Cramling Bellon, Anna"]
[WhiteFideId "13301373"]
[BlackFideId "32009232"]
[WhiteElo "2304"]
[BlackElo "1905"]
[Result "1/2-1/2"]
[Round "09"]
[TimeControl "180+1"]
[Date "2022.04.19"]
[WhiteClock "0:00:29"]
[BlackClock "0:00:07"]

1. e4 c5 2. Nf3 e6 3. c3 Nf6 4. e5 Nd5 5. d4 cxd4 6. cxd4 Nc6 7. Nc3 Nxc3 8. bxc3 d6 9. Bf4 dxe5 10. Nxe5 Nxe5 11. Bxe5 f6 12. Bg3 Bd6 13. Qh5+ g6 14. Qh6 Kf7 15. Bd3 Qf8 16. Qe3 Bd7 17. O-O Rc8 18. c4 h5 19. c5 Bc7 20. Bxc7 Rxc7 21. Qg3 Rc8 22. Bxg6+ Ke7 23. Qd6+ Kd8 24. Qxf8+ Rxf8 25. Bxh5 Bc6 26. f4 Ke7 27. Bf3 Rfd8 28. Rad1 Bb5 29. Rfe1 Ba4 30. Bxb7 Rc7 31. Rb1 Rxd4 32. f5 e5 33. c6 Bxc6 34. Bxc6 Rxc6 35. Rb7+ Rd7 36. Rxd7+ Kxd7 37. Kf2 Ra6 38. Re2 Ra4 39. Kf3 Rf4+ 40. Ke3 Rxf5 41. Rf2 Rxf2 42. Kxf2 Ke6 43. g4 f5 44. gxf5+ Kxf5 45. Ke3 e4 46. a4 a5 47. h3 Ke5 48. h4 Kf5 49. h5 Kg5 50. Kxe4 Kxh5 51. Kd5 Kg6 52. Kc5 Kf7 53. Kb5 Ke7 54. Kxa5 Kd7 55. Kb6 Kc8 56. Ka7 Kc7 57. a5 Kc8 58. a6 Kc7 59. Ka8 Kc8 60. Ka7 Kc7 61. Ka8 Kc8 62. Ka7 1/2-1/2


[Site "https://www.chess.com"]